 Dungeon Crawl Stone Soup version 0.30-b1-2-g02819fbbbe (webtiles) character file.

Game seed: 15327658518033455279

8958 Fartwhistle the Skirmisher (level 11, -1/86 HPs)
             Began as a Gnoll Hunter on Oct 24, 2023.
             Was an Initiate of Gozag.
             Slain by a komodo dragon (10 damage)
             ... on level 1 of the Lair of Beasts.
             The game lasted 00:25:49 (14137 turns).

Fartwhistle the Skirmisher (Gnoll Hunter)          Turns: 14137, Time: 00:25:49

Health: -1/86      AC: 14    Str: 12    XL:     11   Next: 39%
Magic:  21/29      EV: 12    Int: 12    God:    Gozag
Gold:   2071       SH:  0    Dex: 17    Spells: 23/23 levels left

rFire   . . .        m - +6 whip of Amorality {freeze, Fly MP+9 Dex+2}
rCold   + . .        (no shield)
rNeg    . . .        y - +4 scale mail
rPois   .            h - +0 helmet
rElec   .            M - scarf {repulsion}
rCorr   .            u - +0 pair of gloves
SInv    .            (no boots)
Will    .....        k - amulet of magic regeneration
Stlth   ++           z - ring of protection from cold
HPRegen 0.34/turn    (no ring)
MPRegen 0.61/turn

%: repel missiles
@: flying
A: fangs 1, strong nose, distributed training
a: Renounce Religion, Potion Petition, Call Merchant, Bribe Branch


You were on level 1 of the Lair of Beasts.
You worshipped Gozag.
Gozag was most pleased with you.
You visited 3 branches of the dungeon, and saw 12 of its levels.
You also visited: Bailey.

You collected 2293 gold pieces.
You spent 126 gold pieces at shops.
You paid 96 gold pieces to Gozag.

Inventory:

Hand Weapons
 a - a +1 shortbow
 m - the +6 whip of Amorality (weapon) {freeze, Fly MP+9 Dex+2}
   (You found it on level 2 of the Dungeon)

   Dex:       It affects your dexterity (+2).
   MP:        It affects your magic capacity (+9).
   Fly:       It grants you flight.
 r - a +1 heavy shortbow
Missiles
 E - 4 boomerangs
 N - 8 curare-tipped darts
Armour
 h - a +0 helmet (worn)
 u - a +0 pair of gloves (worn)
 x - the +1 robe "Rykap" {rC+ Int+3}
   (You found it on level 4 of the Dungeon)

   Int:       It affects your intelligence (+3).
   rC:        It protects you from cold.
 y - a +4 scale mail (worn)
 K - a +0 cloak
 M - a scarf of repulsion (worn)
 Q - the +0 helmet of Insatiable Hunger {+Blink rCorr Stlth-}
   (You found it in a bailey)

   +Blink:    It lets you blink.
   rCorr:     It protects you from acid and corrosion.
   Stlth:     It makes you less stealthy.
Magical Staves
 f - the staff of cold "Miwa" {rC+ Str+2}
   (You found it in a bailey)

   [staff of cold]

   Base accuracy: +5 Base damage: 5 Base attack delay: 1.2 This weapon's minimum
   attack delay (0.6) is reached at skill level 12.
   Str:       It affects your strength (+2).
   rC:        It protects you from cold.
   It falls into the 'Staves' category.
   It is a one-handed weapon.
 G - a staff of fire
Jewellery
 k - an amulet of magic regeneration (around neck)
 z - a ring of protection from cold (left hand)
Wands
 B - a wand of charming (11)
 L - a wand of mindburst (23)
Scrolls
 b - 3 scrolls of immolation
 c - a scroll of torment
 d - 3 scrolls of enchant weapon
 g - a scroll of butterflies {unknown}
 l - 2 scrolls of fog
 n - 2 scrolls of enchant armour {unknown}
 p - 2 scrolls of amnesia {unknown}
 q - 4 scrolls of teleportation
 t - 6 scrolls of vulnerability {unknown}
 w - a scroll of blinking
 D - a scroll of poison
 H - a scroll of fear {unknown}
 I - 2 scrolls of noise {unknown}
 P - a scroll of silence {unknown}
 S - 2 scrolls of identify
Potions
 e - 7 potions of flight
 i - a potion of magic
 j - 2 potions of curing
 o - a potion of heal wounds
 s - 2 potions of haste
 v - a potion of might
 A - 3 potions of brilliance
 C - 2 potions of cancellation {unknown}
 F - a potion of ambrosia {unknown}
 J - a potion of mutation {unknown}
 O - a potion of attraction {unknown}
 R - a potion of berserk rage {unknown}
Miscellaneous
 T - a box of beasts (inert)


   Skills:
 + Level 8.0 Fighting
 + Level 6.5 Short Blades
 + Level 6.5 Long Blades
 + Level 6.5 Axes
 + Level 6.5 Maces & Flails
 + Level 6.5 Polearms
 + Level 6.5 Staves
 + Level 10.7 Ranged Weapons
 + Level 6.5 Throwing
 + Level 6.5 Armour
 + Level 8.0 Dodging
 + Level 6.9 Stealth
 + Level 6.5 Shields
 + Level 6.5 Unarmed Combat
 + Level 6.5 Spellcasting
 + Level 5.3 Conjurations
 + Level 5.3 Hexes
 + Level 5.3 Summonings
 + Level 5.3 Necromancy
 + Level 5.3 Translocations
 + Level 5.3 Transmutations
 + Level 5.3 Fire Magic
 + Level 5.3 Ice Magic
 + Level 5.3 Air Magic
 + Level 5.3 Earth Magic
 + Level 5.3 Poison Magic
 + Level 7.1 Invocations
 + Level 6.5 Evocations


You had 23 spell levels left.
You didn't know any spells.
Your spell library contained the following spells:

 Spells                   Type           Power      Damage    Failure   Level
 Airstrike                Air            8%         2d(2-18)  63%         4
 Summon Lightning Spire   Summ/Air       16%        N/A       63%         4
 Silence                  Hex/Air        8%         N/A       92%         5


Dungeon Overview and Level Annotations

Branches:
Dungeon (10/15)            Temple (1/1) D:4            Lair (1/5) D:8
    Orc (0/2) D:10         Bailey (visited)

Altars:
Ashenzari
Cheibriados
Dithmenos
Elyvilon
Fedhas
Gozag
Hepliaklqana
Kikubaaqudgha
Makhleb
Nemelex Xobeh
Okawaru
Qazlal
Ru
Sif Muna
Trog
Uskayaw
Vehumet
Wu Jian
Xom
Yredelemnul
Zin
The Shining One

Shops:
D:3 *   D:4 :

Annotations:
D:2 1 runed translucent door, Crazy Yiuf
D:4 exclusion: downstairs
D:8 3 runed translucent doors, Syrassil's ghost, novice DgGl


Innate Abilities, Weirdness & Mutations

You have very sharp teeth.
Your uncanny sense of smell can sniff out nearby items.
Your experience applies equally to all skills.


Message History

You shoot an arrow. The arrow hits the komodo dragon.
The komodo dragon hisses angrily.
The komodo dragon is lightly wounded.
You shoot an arrow.
The arrow hits the komodo dragon but does no damage.
The komodo dragon hisses menacingly.
You shoot an arrow. The arrow hits the komodo dragon!
The komodo dragon is lightly wounded.
You shoot an arrow.
The arrow closely misses the komodo dragon.
You shoot an arrow. The arrow hits the komodo dragon!
The komodo dragon is heavily wounded.
The komodo dragon bites you!
The komodo dragon bites you but does no damage.
You shoot an arrow. The arrow hits the komodo dragon!
The komodo dragon is severely wounded.
The komodo dragon closely misses you. The komodo dragon barely misses you.
You shoot an arrow.
The arrow hits the komodo dragon but does no damage.
The komodo dragon is severely wounded.
The komodo dragon bites you!!
You shoot an arrow.
The arrow completely misses the komodo dragon.
The komodo dragon completely misses you.
The komodo dragon bites you!
You are too injured to fight recklessly!
You are too injured to fight recklessly!
You feel agile.
You fly up into the air.
The +6 whip of Amorality {freeze, Fly MP+9 Dex+2} glows with a cold blue light!
m - the +6 whip of Amorality (weapon)
{freeze, Fly MP+9 Dex+2} You hit the komodo dragon.
You freeze the komodo dragon.
The komodo dragon is severely wounded.
The komodo dragon bites you!!
* * * LOW HITPOINT WARNING * * *
You hit the komodo dragon. You freeze the komodo dragon.
The komodo dragon is almost dead.
The komodo dragon bites you!
You die...
Your body crumbles into a pile of gold.

## ##. ##### .
##..####...# ..
#....##....###
...#............########
......................##
........................
......l@.#......#.##..##
.....#..###.#######...##
... #.... #.###.........
. #!.##.#.............
.....................
.#P.####P...#..##..### .
##. ###..............
#.##................
.................


You could see a komodo dragon.

Vanquished Creatures
  Harold (Lair:1)
  A two-headed ogre (D:9)
  A komodo dragon (D:10)
  A troll (D:10)
  A hornet (D:9)
  A shadow (D:9)
  4 wraiths
  A wyvern (D:10)
  2 steam dragons
  Grum (D:8)
  2 acid dragons
  2 water moccasins
  A sky beast (D:7)
  11 orc warriors
  3 ogres
  4 ice beasts
  6 black bears
  3 centaurs
  A wolf (D:7)
  A phantom (D:5)
  3 bullfrogs
  2 kobold brigands (D:8)
  2 gnoll sergeants
  5 scorpions
  14 wights
  4 howler monkeys
  A jelly (D:6)
  6 orc priests
  4 hounds
  2 gnoll boudas
  A sleepcap (D:6)
  7 iguanas
  6 orc wizards
  18 gnolls
  7 adders
  2 white imps
  An ufetubus (D:3)
  4 worms
  4 dart slugs
  68 orcs
  6 endoplasms
  2 giant cockroaches
  10 goblins
  7 hobgoblins
  22 kobolds
  2 quokkas
  5 ball pythons
  4 bats
  6 frilled lizards
  4 rats
277 creatures vanquished.

Vanquished Creatures (others)
  A wolf (D:8)
1 creature vanquished.

Grand Total: 278 creatures vanquished

Notes
Turn   | Place    | Note
-------+----------+-------------------------------------------
     0 | D:1      | Fartwhistle the Gnoll Hunter began the quest for the Orb.
     0 | D:1      | Reached XP level 1. HP: 20/20 MP: 1/1
   177 | D:1      | Reached XP level 2. HP: 26/26 MP: 2/2
   410 | D:1      | Found a faded altar of an unknown god.
   835 | D:2      | Reached XP level 3. HP: 31/31 MP: 3/3
   952 | D:2      | Identified the +6 whip of Amorality {freeze, Fly MP+9
                  | Dex+2}
  1062 | D:2      | Reached skill level 1 in Invocations
  1594 | D:2      | Found a runed translucent door.
  1595 | D:2      | Noticed Crazy Yiuf
  1735 | D:3      | Reached skill level 1 in Short Blades
  1735 | D:3      | Reached skill level 1 in Long Blades
  1735 | D:3      | Reached skill level 1 in Axes
  1735 | D:3      | Reached skill level 1 in Maces & Flails
  1735 | D:3      | Reached skill level 1 in Polearms
  1735 | D:3      | Reached skill level 1 in Staves
  1735 | D:3      | Reached skill level 1 in Throwing
  1735 | D:3      | Reached skill level 1 in Armour
  1735 | D:3      | Reached skill level 1 in Shields
  1735 | D:3      | Reached skill level 1 in Unarmed Combat
  1735 | D:3      | Reached skill level 1 in Spellcasting
  1735 | D:3      | Reached skill level 1 in Evocations
  1802 | D:3      | Reached XP level 4. HP: 38/38 MP: 5/5
  2385 | D:3      | Found a bloodstained altar of Trog.
  2398 | D:3      | Reached skill level 1 in Conjurations
  2398 | D:3      | Reached skill level 1 in Hexes
  2398 | D:3      | Reached skill level 1 in Summonings
  2398 | D:3      | Reached skill level 1 in Necromancy
  2398 | D:3      | Reached skill level 1 in Translocations
  2398 | D:3      | Reached skill level 1 in Transmutations
  2398 | D:3      | Reached skill level 1 in Fire Magic
  2398 | D:3      | Reached skill level 1 in Ice Magic
  2398 | D:3      | Reached skill level 1 in Air Magic
  2398 | D:3      | Reached skill level 1 in Earth Magic
  2398 | D:3      | Reached skill level 1 in Poison Magic
  2507 | D:3      | Found Xeihoeg's General Store.
  2514 | D:3      | Bought a scroll of teleportation for 36 gold pieces
  2514 | D:3      | Bought a scroll of blinking for 90 gold pieces
  2676 | D:4      | Found Othudia's Book Shoppe.
  2739 | D:4      | Identified the +1 robe "Rykap" {rC+ Int+3}
  2843 | D:4      | Found a staircase to the Ecumenical Temple.
  2850 | Temple   | Entered the Ecumenical Temple
  2980 | Temple   | Became a worshipper of Gozag Ym Sagoz the Greedy
  3147 | D:4      | Found a basalt altar of Yredelemnul.
  3161 | D:4      | Noticed a bullfrog
  3164 | D:4      | Killed a bullfrog
  3165 | D:4      | Reached XP level 5. HP: 43/43 MP: 5/7
  3359 | D:5      | Entered Level 5 of the Dungeon
  3359 | D:5      | Noticed a black bear
  3501 | D:5      | Reached skill level 5 in Fighting
  3501 | D:5      | Reached skill level 5 in Dodging
  3501 | D:5      | Reached XP level 6. HP: 46/51 MP: 7/9
  3596 | D:5      | Noticed an ice beast
  3617 | D:5      | Killed an ice beast
  3633 | D:5      | Killed a black bear
  3634 | D:5      | Reached XP level 7. HP: 31/56 MP: 10/10
  3796 | D:5      | Reached skill level 9 in Ranged Weapons
  4408 | D:5      | Reached XP level 8. HP: 63/63 MP: 12/12
  5078 | D:6      | Found an ornate altar of the Wu Jian Council.
  5078 | D:6      | Found a snail-covered altar of Cheibriados.
  5479 | D:6      | Reached XP level 9. HP: 40/69 MP: 14/14
  5902 | D:6      | Reached skill level 5 in Stealth
  6210 | D:6      | Reached skill level 5 in Invocations
  7539 | D:7      | Reached skill level 5 in Short Blades
  7539 | D:7      | Reached skill level 5 in Long Blades
  7539 | D:7      | Reached skill level 5 in Axes
  7539 | D:7      | Reached skill level 5 in Maces & Flails
  7539 | D:7      | Reached skill level 5 in Polearms
  7539 | D:7      | Reached skill level 5 in Staves
  7539 | D:7      | Reached skill level 5 in Throwing
  7539 | D:7      | Reached skill level 5 in Armour
  7539 | D:7      | Reached skill level 5 in Shields
  7539 | D:7      | Reached skill level 5 in Unarmed Combat
  7539 | D:7      | Reached skill level 5 in Spellcasting
  7539 | D:7      | Reached skill level 5 in Evocations
  7539 | D:7      | Reached XP level 10. HP: 53/77 MP: 17/17
  7657 | D:6      | Reached skill level 10 in Ranged Weapons
  8761 | D:8      | Noticed Grum
  9293 | D:8      | Found a staircase to the Lair.
  9456 | D:8      | Found a runed translucent gate.
  9460 | D:8      | Found a runed translucent gate.
  9460 | D:8      | Found a runed translucent gate.
  9721 | D:8      | Killed Grum
 10465 | D:8      | Noticed Syrassil's ghost (novice DgGl)
 11075 | D:9      | Noticed a two-headed ogre
 11077 | D:9      | Killed a two-headed ogre
 11614 | D:9      | Got the Tome of the Ancient Demons
 11963 | D:10     | Entered Level 10 of the Dungeon
 12083 | D:10     | Reached skill level 5 in Conjurations
 12083 | D:10     | Reached skill level 5 in Hexes
 12083 | D:10     | Reached skill level 5 in Summonings
 12083 | D:10     | Reached skill level 5 in Necromancy
 12083 | D:10     | Reached skill level 5 in Translocations
 12083 | D:10     | Reached skill level 5 in Transmutations
 12083 | D:10     | Reached skill level 5 in Fire Magic
 12083 | D:10     | Reached skill level 5 in Ice Magic
 12083 | D:10     | Reached skill level 5 in Air Magic
 12083 | D:10     | Reached skill level 5 in Earth Magic
 12083 | D:10     | Reached skill level 5 in Poison Magic
 12083 | D:10     | Reached XP level 11. HP: 85/85 MP: 20/20
 12111 | D:10     | Found a staircase to the Orcish Mines.
 12172 | D:10     | Found a flagged portal.
 12187 | Bailey   | Entered a bailey
 12922 | Bailey   | Identified the staff of cold "Miwa" {rC+ Str+2}
 12923 | Bailey   | Identified the +0 helmet of Insatiable Hunger {+Blink rCorr
                  | Stlth-}
 14017 | Lair:1   | Entered Level 1 of the Lair of Beasts
 14028 | Lair:1   | Noticed Harold
 14036 | Lair:1   | Killed Harold
 14137 | Lair:1   | Slain by a komodo dragon

Illustrated notes

Levels and vault maps discovered:
D:1:      tarquinn_simple_flora_water_c, layout_loops_cross,
          shapermc_ecumenical_altar_ellora
D:2:      layout_loops_corners, uniq_crazy_yiuf_cottage
D:3:      layout_basic, mainiacjoe_overflow_cross_hatched, serial_shops, shop
D:4:      layout_basic, mainiacjoe_overflow_small_starburst,
          minmay_temple_entry_hall, serial_shops, nicolae_shop_tiny_waterfront
D:5:      layout_loops_cross, minmay_bent
D:6:      cheibrodos_barr_body, layout_cave_pools,
          nicolae_overflow_two_pavilions
D:7:      layout_basic
D:8:      layout_layer_cave, lair_entry_dummy, gammafunk_ghost_necromancy,
          uniq_grum
D:9:      layout_loops_ring
D:10:     hellmonk_ruined_rings, layout_basic, david_orc_5, enter_bailey_3
Temple:   compressed_dpeg_circular_temple
Lair:1:   layout_gridlike, basic_altar, grunt_megastairs_4,
          infiniplex_staircase_pool, uniq_harold, uniq_gastronok

Skill      XL: |  1  2  3  4  5  6  7  8  9 10 11 |
---------------+----------------------------------+-----
Invocations    | 1 2 3 4 5 6 7 |  7.1
Short Blades   | 1 2 3 5 6 |  6.5
Long Blades    | 1 2 3 5 6 |  6.5
Axes           | 1 2 3 5 6 |  6.5
Maces & Flails | 1 2 3 5 6 |  6.5
Polearms       | 1 2 3 5 6 |  6.5
Staves         | 1 2 3 5 6 |  6.5
Throwing       | 1 2 3 5 6 |  6.5
Armour         | 1 2 3 5 6 |  6.5
Shields        | 1 2 3 5 6 |  6.5
Unarmed Combat | 1 2 3 5 6 |  6.5
Spellcasting   | 1 2 3 5 6 |  6.5
Evocations     | 1 2 3 5 6 |  6.5
Conjurations   | 1 2 3 4 5 |  5.3
Hexes          | 1 2 3 4 5 |  5.3
Summonings     | 1 2 3 4 5 |  5.3
Necromancy     | 1 2 3 4 5 |  5.3
Translocations | 1 2 3 4 5 |  5.3
Transmutations | 1 2 3 4 5 |  5.3
Fire Magic     | 1 2 3 4 5 |  5.3
Ice Magic      | 1 2 3 4 5 |  5.3
Air Magic      | 1 2 3 4 5 |  5.3
Earth Magic    | 1 2 3 4 5 |  5.3
Poison Magic   | 1 2 3 4 5 |  5.3
Stealth        | 3 4 5 6 |  6.9
Fighting       | 5 6 7 8 |  8.0
Dodging        | 5 6 7 8 |  8.0
Ranged Weapons | 9 10 | 10.7

Action                     |  1- 3 |  4- 6 |  7- 9 | 10-12 || total
---------------------------+-------+-------+-------+-------++-------
  Melee: Whip              |       |    32 |   194 |   104 ||   330
         Bite              |       |     4 |    24 |    13 ||    41
         Punch             |       |       |     8 |     6 ||    14
   Fire: Shortbow          |   104 |    65 |   249 |   434 ||   852
  Evoke: Wand              |       |       |       |     9 ||     9
         Box of beasts     |       |       |       |     1 ||     1
    Use: Scroll            |       |     4 |     4 |     2 ||    10
         Potion            |       |     4 |       |     2 ||     6
   Stab: Distracted        |       |       |       |     1 ||     1
 Armour: Leather armour    |     4 |       |       |       ||     4
         Robe              |       |     9 |    15 |       ||    24
         Scale mail        |       |       |   111 |   166 ||   277
         Skin              |       |       |       |     8 ||     8
  Dodge: Dodged            |    14 |    20 |   179 |   255 ||   468
         Repelled          |       |       |       |     1 ||     1
